Match 42407428
Unlisted

Match 42407428
End
Kettenkrad Recon Vehicle
Construct Infanterie Kompanie
Grenadier Squad
Grenadier Squad
Grenadier Squad
Construct Panzergrenadier Kompanie
251 Medium Carrier
GrW 34 Mortar Team
Pak 40 Anti-tank Gun Team
Construct Panzer Kompanie
Stoßtruppen Squad
Panzer IV Medium Tank
MG 42 Bunker
Support Elements
Nebelwerfer 42 Rocket Launcher Team
Medical Bunker
Selects Breakthrough Battlegroup
Selects Rapid Production
Selects Blitzkrieg
Selects Tiger Heavy Tank
Tiger Heavy Tank
Kettenkrad Recon Vehicle
Side Skirts
Pioneer Squad
Grand.G
VeldMuis
0
0

Comments sign in to comment!

No comments posted yet!